 Dungeon Crawl Stone Soup version 0.32-a0-473-gd044c6f0f0 (webtiles) character file.

Game seed: 13710650687598126488

140 Malificent the Fighter (level 5, -3/51 HPs)
             Began as a Gnoll Wanderer on Feb 25, 2024.
             Splashed by a jelly's acid (9 damage)
             ... on level 2 of the Dungeon.
             The game lasted 00:03:42 (1344 turns).

Malificent the Fighter (Gnoll Wanderer)             Turns: 1344, Time: 00:03:42

Health: -3/51      AC: -4    Str: 18    XL:     5   Next: 22%
Magic:  7/7        EV: 11    Int:  9    God:
Gold:   11         SH:  0    Dex:  9    Spells: 6/6 levels left

rFire   . . .        a - +3 quarterstaff
rCold   . . .        (shield currently unavailable)
rNeg    . . .        d - +0 leather armour
rPois   .            (helmet currently unavailable)
rElec   .            (cloak currently unavailable)
rCorr   .            (gloves currently unavailable)
SInv    .            (boots currently unavailable)
Will    .....        (no amulet)
Stlth   +            (no ring)
HPRegen 0.28/turn    (no ring)
MPRegen 0.10/turn

%: no passive effects
@: beast-form, corroded
A: beast (slay +0), fangs 1, strong nose, distributed training
a: Begin Untransformation


You were on level 2 of the Dungeon.
You were a hulking beast.
You visited 1 branch of the dungeon, and saw 2 of its levels.

You collected 11 gold pieces.

Inventory:

Hand Weapons
 a - a +3 quarterstaff (weapon)
 b - a +0 mace
Armour
 d - a +0 leather armour (worn)
Talismans
 h - a beast talisman (active)
Scrolls
 e - a scroll of amnesia {unknown}
Potions
 f - a potion of cancellation {unknown}
 g - a potion of heal wounds {unknown}
 i - a potion of enlightenment {unknown}


   Skills:
 + Level 8.6 Fighting
 + Level 1.4 Short Blades
 + Level 1.4 Long Blades
 + Level 1.4 Axes
 + Level 6.7 Maces & Flails
 + Level 1.4 Polearms
 + Level 6.7 Staves
 + Level 1.4 Ranged Weapons
 + Level 1.4 Throwing
 + Level 1.4 Armour
 + Level 1.4 Dodging
 + Level 1.4 Stealth
 + Level 1.4 Shields
 + Level 1.4 Unarmed Combat
 + Level 1.4 Spellcasting
 + Level 1.1 Conjurations
 + Level 1.1 Hexes
 + Level 1.1 Summonings
 + Level 1.1 Necromancy
 + Level 1.1 Translocations
 + Level 1.1 Fire Magic
 + Level 1.1 Ice Magic
 + Level 1.1 Air Magic
 + Level 1.1 Earth Magic
 + Level 1.1 Alchemy
 + Level 1.6 Invocations
 + Level 1.4 Evocations
 + Level 1.3 Shapeshifting


You had 6 spell levels left.
You didn't know any spells.
Your spell library was empty.

Dungeon Overview and Level Annotations

Branches:
Dungeon (2/15)

Altars:

Shops:
D:1 =


Innate Abilities, Weirdness & Mutations

You are a hulking beast.
Your limbs bulge with bestial killing power. (Slay +0)
You have very sharp teeth.
Your uncanny sense of smell can sniff out nearby items.
Your experience applies equally to all skills.


Message History

i - a fuming green potion The frilled lizard hisses angrily.
The frilled lizard closely misses you.
You sock the frilled lizard!
You kill the frilled lizard!
Hit: a) +3 quarterstaff
Press: ? - help, Dir - move target, f - you
Okay, then.
You begin transforming.
You continue transforming. x3
You turn into a hulking beast.
A jelly comes into view.
An adder comes into view.
The jelly quivers.
The adder hisses angrily.
The jelly closely misses you.
You sock the jelly!
Your hands burn!
The jelly is moderately wounded.
The jelly hits you.
You are splashed with acid.
You barely miss the jelly.
The jelly is moderately wounded.
The jelly hits you but does no damage.
You hit the jelly.
Your hands burn!
The jelly is heavily wounded.
The jelly hits you.
You are splashed with acid!
The adder bites you.
You hit the jelly. The acid corrodes you!
Your hands burn!
The jelly is heavily wounded.
The adder closely misses you. The jelly hits you.
You are splashed with acid!
* * * LOW HITPOINT WARNING * * *
You sock the jelly! The acid corrodes you!
Your hands burn!
* * * LOW HITPOINT WARNING * * *
The jelly is severely wounded.
The adder barely misses you. The jelly hits you.
* * * LOW HITPOINT WARNING * * *
You are splashed with acid!
* * * LOW HITPOINT WARNING * * *
The adder barely misses you.
You feel better. The jelly hits you.
* * * LOW HITPOINT WARNING * * *
The acid corrodes you!
You are splashed with acid!
You die...

#.#+# #.....
#########.#.#
#.....####............'
#..............#####..#
#............. .....#
............. ####.##
###........... #.##
#.....JS...... #.##
#.....h..# #.##
#........# #.##
#........# #########+##
#........# #...........
#........# #...........
#........###...........
#......................
#.........†............
#......................


You could see a jelly and an adder.

Vanquished Creatures
  Natasha (twice) (D:2)
  A gnoll (D:1)
  2 adders (D:2)
  A ribbon worm (D:2)
  6 endoplasms
  A giant cockroach (D:1)
  4 goblins (D:1)
  8 hobgoblins
  7 jackals
  6 quokkas
  3 ball pythons
  A bat (D:1)
  4 frilled lizards
  5 kobolds
  3 rats
54 creatures vanquished.

Notes
Turn   | Place    | Note
-------+----------+-------------------------------------------
     0 | D:1      | Malificent the Gnoll Wanderer began the quest for the Orb.
     0 | D:1      | Malificent set off with the following items: a +3
                  | quarterstaff, a +0 mace, a potion of curing, a +0 leather
                  | armour.
     0 | D:1      | Reached XP level 1. HP: 26/26 MP: 1/1
    96 | D:1      | Reached XP level 2. HP: 25/33 MP: 2/2
   307 | D:1      | Reached XP level 3. HP: 36/38 MP: 2/4
   312 | D:1      | Reached skill level 1 in Invocations
   356 | D:1      | Found Luydgh's Jewellery Shoppe.
   624 | D:1      | Reached skill level 1 in Short Blades
   624 | D:1      | Reached skill level 1 in Long Blades
   624 | D:1      | Reached skill level 1 in Axes
   624 | D:1      | Reached skill level 1 in Polearms
   624 | D:1      | Reached skill level 1 in Ranged Weapons
   624 | D:1      | Reached skill level 1 in Throwing
   624 | D:1      | Reached skill level 1 in Armour
   624 | D:1      | Reached skill level 1 in Dodging
   624 | D:1      | Reached skill level 1 in Stealth
   624 | D:1      | Reached skill level 1 in Shields
   624 | D:1      | Reached skill level 1 in Unarmed Combat
   624 | D:1      | Reached skill level 1 in Spellcasting
   624 | D:1      | Reached skill level 1 in Evocations
   794 | D:2      | Noticed Natasha
   802 | D:2      | Killed Natasha
   803 | D:2      | Reached skill level 1 in Shapeshifting
   803 | D:2      | Reached XP level 4. HP: 5/45 MP: 5/5
   980 | D:2      | Reached skill level 1 in Conjurations
   980 | D:2      | Reached skill level 1 in Hexes
   980 | D:2      | Reached skill level 1 in Summonings
   980 | D:2      | Reached skill level 1 in Necromancy
   980 | D:2      | Reached skill level 1 in Translocations
   980 | D:2      | Reached skill level 1 in Fire Magic
   980 | D:2      | Reached skill level 1 in Ice Magic
   980 | D:2      | Reached skill level 1 in Air Magic
   980 | D:2      | Reached skill level 1 in Earth Magic
   980 | D:2      | Reached skill level 1 in Alchemy
  1237 | D:2      | Noticed Natasha
  1243 | D:2      | Killed Natasha
  1244 | D:2      | Reached XP level 5. HP: 40/51 MP: 7/7
  1343 | D:2      | HP: 2/51 [acid (8)]
  1344 | D:2      | Splashed by a jelly's acid

Illustrated notes

Levels and vault maps discovered:
D:1:      shiori_shiawase, layout_basic, serial_shops, nicolae_shop_waterfront,
          chequers_jeans
D:2:      layout_basic, kennysheep_generic_room_4, uniq_natasha

Skill      XL: |  1  2  3  4 |
---------------+-------------+-----
Invocations    | 1 |  1.6
Short Blades   | 1 |  1.4
Long Blades    | 1 |  1.4
Axes           | 1 |  1.4
Polearms       | 1 |  1.4
Ranged Weapons | 1 |  1.4
Throwing       | 1 |  1.4
Armour         | 1 |  1.4
Dodging        | 1 |  1.4
Stealth        | 1 |  1.4
Shields        | 1 |  1.4
Unarmed Combat | 1 |  1.4
Spellcasting   | 1 |  1.4
Evocations     | 1 |  1.4
Shapeshifting  | 1 |  1.3
Conjurations   | 1 |  1.1
Hexes          | 1 |  1.1
Summonings     | 1 |  1.1
Necromancy     | 1 |  1.1
Translocations | 1 |  1.1
Fire Magic     | 1 |  1.1
Ice Magic      | 1 |  1.1
Air Magic      | 1 |  1.1
Earth Magic    | 1 |  1.1
Alchemy        | 1 |  1.1
Fighting       | |  8.6
Maces & Flails | |  6.7
Staves         | |  6.7

Action                     |  1- 3 |  4- 6 || total
---------------------------+-------+-------++-------
  Melee: Quarterstaff      |    64 |    47 ||   111
         Bite              |     1 |     3 ||     4
    Use: Potion            |       |     1 ||     1
 Armour: Leather armour    |    34 |    31 ||    65
  Dodge: Dodged            |    30 |    28 ||    58
   Form: Beast             |       |     1 ||     1

Table legend: (Time is in decaauts)
 A = Elapsed time spent in this place.
 B = Non-inter-level travel time spent in this place.
 C = Inter-level travel time spent in this place.
 D = Time resting spent in this place.
 E = Time spent auto-exploring this place.
 F = Levels seen in this place.
 G = Mean time per level.
                   A        B        C        D        E       F      G
               +--------+--------+--------+--------+--------+-----+--------+
         Total |   1346 |   1312 |     34 |    186 |    788 |   2 |  673.0 |
       Dungeon |   1346 |   1312 |     34 |    186 |    788 |   2 |  673.0 |
               +--------+--------+--------+--------+--------+-----+--------+

Top non-repeatable levels by time:
     D:1: 772 daAuts
     D:2: 574 daAuts
